Devils vs Phantoms

Created - Wednesday, January 21, 2015 at 00:17

Goals
1 2 3 T
Devils 1 1 0 2
Phantoms 1 0 0 1
Shots
1 2 3 T
Devils 8 11 4 23
Phantoms 13 4 15 32

1st period

1. Devils , Pascal Pelletier 15 (Brendan Shinnimin) at 2:56
2. Phantoms , Adam Lowry 8 (Randy Jones, Harri Pesonen) at 14:21 (PP)

Penalties :
Colin Miller (LOW) for Roughing (Minor) at 0:42, Brendan Shinnimin (LOW) for High sticking (Minor) at 6:30, Devan Dubnyk (LOW) for Slashing (Minor) at 6:31 - Rod Pelley served the penalty, Mark Van Guilder (ADR) for Roughing (Minor) at 9:51, Pascal Pelletier (LOW) for Hooking (Minor) at 14:16, Garnet Exelby (ADR) for Fighting (Major) at 14:51, Zach Budish (LOW) for Fighting (Major) at 14:51, Darroll Powe (LOW) for Tripping (Minor) at 18:44

2nd period

3. Devils , Jordan Martinook 5 (Brendan Shinnimin, Drew MacKenzie) at 3:05

Penalties :
Garnet Exelby (ADR) for Fighting (Major) at 2:55, Matt Carkner (LOW) for Fighting (Major) at 2:55, Zack Stortini (ADR) for Fighting (Major) at 3:22, Zach Budish (LOW) for Fighting (Major) at 3:22, Dmitrij Jaskin (ADR) for Roughing (Minor) at 18:39

3rd period

No Goal

Penalties :
Zack Stortini (ADR) for Fighting (Major) at 1:28, Jordan Martinook (LOW) for Fighting (Major) at 1:28, Adam Lowry (ADR) for Fighting (Major) at 3:06, Drew MacKenzie (LOW) for Fighting (Major) at 3:06, Adam Lowry (ADR) for instigated a fight (Minor) at 3:06, Adam Lowry (ADR) for instigated a fight (10 Minutes Misconduct) at 3:06, Matt Carkner (LOW) for Hooking (Minor) at 7:38

Goalie Stats

Devan Dubnyk (LOW), 31 saves from 32 shots - (0.969), W, 18-10-18, 60:00 minutes
Johan Hedberg (ADR), 21 saves from 23 shots - (0.913), L, 2-10-2, 60:00 minutes

Players Stats for Devils

Player Name              G  A  P  +/- PIM S  H  SB GA TA FO     MP     PP MP  PK MP  
------------------------------------------------------------------------------------
Brendan Shinnimin        0  2  2   2  2   2  1  1  5  3  8/12   20:38   2:39   0:58 
Chris Wideman            0  0  0   0  0   3  2  3  1  4  0/0    28:24   3:55   5:09 
Colin Miller             0  0  0   0  2   1  1  3  1  5  0/0    27:12   3:55   4:44 
Darren Archibald         0  0  0   0  0   2  4  0  0  0  0/1    12:53   0:00   0:56 
Darroll Powe             0  0  0   0  2   1  4  1  1  1  8/22   24:23   2:43   3:36 
Drew MacKenzie           0  1  1   2  5   1  1  0  0  0  0/0    15:39   0:00   2:25 
Gabriel Beaupre          0  0  0   2  0   1  2  0  0  1  0/0    17:00   2:02   0:00 
Jordan Martinook         1  0  1   1  5   2  2  0  0  1  1/3    14:55   0:35   0:00 
Matt Carkner             0  0  0   0  7   1  0  1  1  0  0/1    14:45   0:00   0:54 
Matthew Ford             0  0  0   0  0   2  1  1  0  0  0/0     9:12   0:00   0:00 
Pascal Pelletier         1  0  1   1  2   2  4  0  2  1  2/3    24:45   2:39   3:37 
Rod Pelley               0  0  0   0  0   3  0  2  3  0  1/2    25:17   3:18   4:13 
Scooter Vaughan          0  0  0   0  0   2  0  2  1  3  0/0    19:22   2:02   2:52 
Sergey Andronov          0  0  0   0  0   0  1  0  0  0  0/0     4:59   0:00   0:00 
Theo Peckham             0  0  0   0  0   0  0  0  0  0  0/0     0:00   0:00   0:00 
Yanni Gourde             0  0  0   0  0   0  0  0  0  0  0/0     0:00   0:00   0:00 
Zach Budish              0  0  0   2  10  0  2  0  0  0  2/2    16:04   2:39   0:09 
Zach O'Brien             0  0  0   0  0   0  1  0  5  0  1/1    14:33   3:18   0:48 

Players Stats for Phantoms

Player Name              G  A  P  +/- PIM S  H  SB GA TA FO     MP     PP MP  PK MP  
------------------------------------------------------------------------------------
Adam Lowry               1  0  1  -1  17  3  1  0  5  1  9/15   17:18   3:23   3:28 
Bryan Lerg               0  0  0   0  0   8  0  0  2  0  4/11   21:34   3:19   1:29 
Chris Langkow            0  0  0   0  0   0  1  0  0  0  3/7    12:25   0:07   0:00 
Denver Manderson         0  0  0  -1  0   0  0  0  1  1  2/3    14:10   0:00   3:29 
Dmitrij Jaskin           0  0  0  -2  2   5  2  0  7  0  2/4    23:19   4:11   1:57 
Garnet Exelby            0  0  0   0  10  4  1  0  1  1  0/0    21:55   3:48   4:34 
Garrett Wilson           0  0  0   0  0   2  0  0  1  0  1/1    20:35   3:19   0:00 
Greg Zanon               0  0  0  -1  0   1  1  1  1  3  0/0    19:58   3:27   1:23 
Harri Pesonen            0  1  1  -1  0   0  0  2  5  1  1/1    19:08   4:42   0:22 
Jerome Gauthier-Leduc    0  0  0  -1  0   1  0  4  0  1  0/0    17:04   0:46   0:00 
Josh Lunden              0  0  0   0  0   1  0  1  0  0  0/0    10:24   0:00   1:09 
Keegan Lowe              0  0  0   0  0   1  0  1  0  1  0/0    13:43   0:00   0:00 
Mark Van Guilder         0  0  0  -1  2   1  1  1  2  0  1/4    17:15   1:43   0:00 
Martin Gernat            0  0  0  -1  0   2  0  2  1  0  0/0    19:58   3:27   1:23 
Randy Jones              0  1  1  -1  0   2  3  1  1  3  0/0    27:18   4:34   4:34 
Steve MacIntyre          0  0  0   0  0   0  0  0  0  0  0/0     0:00   0:00   0:00 
Zack FitzGerald          0  0  0   0  0   0  0  0  0  0  0/0     0:00   0:00   0:00 
Zack Stortini            0  0  0   0  10  1  3  0  2  0  1/1    17:47   3:19   0:00 

3 Stars

1 - Devan Dubnyk (LOW)
2 - Pascal Pelletier (LOW)
3 - Brendan Shinnimin (LOW)

Power Play

Devils - 0 on 3 Attempt(s) - 0.00%
Phantoms - 1 on 6 Attempt(s) - 16.67%

Penalty Kill

Devils - 5 on 6 Attempt(s) - 83.33% - Score 0 goal in Penalty Kill
Phantoms - 3 on 3 Attempt(s) - 100.00% - Score 0 goal in Penalty Kill

Team Stat

Devils - Hits : 26 - Faceoff Wins : 23 - Blocked Shots : 14 - Penalty Minutes : 35
Phantoms - Hits : 13 - Faceoff Wins : 24 - Blocked Shots : 13 - Penalty Minutes : 41

Official

Referees : Unknown
Linesman : Unknown

Game Notes

Garnet Exelby and Zach Budish fight to a draw at 14:51 of 1st period
Garnet Exelby and Matt Carkner fight to a draw at 2:55 of 2nd period
Zach Budish beats up Zack Stortini at 3:22 of 2nd period
Zack Stortini beats up Jordan Martinook at 1:28 of 3rd period
Adam Lowry and Drew MacKenzie fight to a draw at 3:06 of 3rd period
Zach O'Brien is injured at 8:49 of 3rd period (Left Hand)

Finance

Level 1 -- Attendance: 1646 (82.30%) -- Ticket Income $36,212
Level 2 -- Attendance: 749 (74.90%) -- Ticket Income $5,992
Total Attendance: 2395 (79.83%)
Total Ticket Income: $42,204
Other Income: $20,680
Total Income: $62,884

Devils

5 vs 5 Forward 
   Center                   Left Wing                Right Wing               Time % Phy DF OF 
 1 Darroll Powe             Rod Pelley               Zach O'Brien             35     1   2  2  
 2 Brendan Shinnimin        Pascal Pelletier         Zach Budish              30     1   2  2  
 3 Darroll Powe             Jordan Martinook         Rod Pelley               22     1   2  2  
 4 Rod Pelley               Darren Archibald         Darroll Powe             13     1   2  2  

5 vs 5 Defense 
   Defense                  Defense                                           Time % Phy DF OF 
 1 Colin Miller             Chris Wideman                                     35     1   2  2  
 2 Matt Carkner             Scooter Vaughan                                   30     1   2  2  
 3 Gabriel Beaupre          Drew MacKenzie                                    22     1   2  2  
 4 Colin Miller             Chris Wideman                                     13     1   2  2  

PowerPlay Forward 
   Center                   Left Wing                Right Wing               Time % Phy DF OF 
 1 Darroll Powe             Rod Pelley               Zach O'Brien             60     1   2  2  
 2 Brendan Shinnimin        Pascal Pelletier         Zach Budish              40     1   2  2  

PowerPlay Defense
   Defense                  Defense                                           Time % Phy DF OF 
 1 Colin Miller             Chris Wideman                                     60     1   2  2  
 2 Gabriel Beaupre          Scooter Vaughan                                   40     1   2  2  

Penalty Kill 4 Players Forward 
   Center                   Wing                     Time % Phy DF OF 
 1 Darroll Powe             Rod Pelley               60     1   2  2  
 2 Brendan Shinnimin        Pascal Pelletier         40     1   2  2  

Penalty Kill 4 Players Defense
   Defense                  Defense                  Time % Phy DF OF 
 1 Colin Miller             Chris Wideman            60     1   2  2  
 2 Drew MacKenzie           Scooter Vaughan          40     1   2  2  

Penalty Kill - 3 Players Forward 
   Forward                                           Time % Phy DF OF 
 1 Darroll Powe                                      60     1   2  2  
 2 Rod Pelley                                        40     1   2  2  

Penalty Kill - 3 Players Defense
   Defense                  Defense                  Time % Phy DF OF 
 1 Colin Miller             Chris Wideman            60     1   2  2  
 2 Drew MacKenzie           Scooter Vaughan          40     1   2  2  

4 vs 4 Forward 
   Center                   Wing                     Time % Phy DF OF 
 1 Darroll Powe             Rod Pelley               60     1   2  2  
 2 Brendan Shinnimin        Pascal Pelletier         40     1   2  2  

4 vs 4 Defense
   Defense                  Defense                  Time % Phy DF OF 
 1 Colin Miller             Chris Wideman            60     1   2  2  
 2 Gabriel Beaupre          Scooter Vaughan          40     1   2  2  

Last Minutes Offensive
   Center                   Left Wing                Right Wing               Defense                  Defense                  
   Darroll Powe             Rod Pelley               Zach O'Brien             Colin Miller             Chris Wideman            

Last Minutes Defensive
   Center                   Left Wing                Right Wing               Defense                  Defense                  
   Darroll Powe             Rod Pelley               Zach O'Brien             Colin Miller             Chris Wideman            

Goaltenders
Starting : Devan Dubnyk             
Backup : Robert Mayer             

Extra Forwards
Normal : Jordan Martinook, Darren Archibald, Rod Pelley - PP : Jordan Martinook, Darren Archibald - PK : Darroll Powe
Extra Defensemen
Normal : Gabriel Beaupre, Drew MacKenzie, Chris Wideman - PP : Gabriel Beaupre - PK : Drew MacKenzie, Colin Miller
Penalty Shots
Darroll Powe, Rod Pelley, Brendan Shinnimin, Pascal Pelletier, Zach O'Brien

Phantoms

5 vs 5 Forward 
   Center                   Left Wing                Right Wing               Time % Phy DF OF 
 1 Adam Lowry               Dmitrij Jaskin           Harri Pesonen            35     1   2  2  
 2 Bryan Lerg               Garrett Wilson           Zack Stortini            30     1   2  2  
 3 Mark Van Guilder         Denver Manderson         Dmitrij Jaskin           22     1   2  2  
 4 Chris Langkow            Josh Lunden              Dmitrij Jaskin           13     1   2  2  

5 vs 5 Defense 
   Defense                  Defense                                           Time % Phy DF OF 
 1 Randy Jones              Garnet Exelby                                     35     1   2  2  
 2 Greg Zanon               Martin Gernat                                     30     1   2  2  
 3 Jerome Gauthier-Leduc    Keegan Lowe                                       22     1   2  2  
 4 Randy Jones              Garnet Exelby                                     13     1   2  2  

PowerPlay Forward 
   Center                   Left Wing                Right Wing               Time % Phy DF OF 
 1 Adam Lowry               Dmitrij Jaskin           Harri Pesonen            60     1   2  2  
 2 Bryan Lerg               Garrett Wilson           Zack Stortini            40     1   2  2  

PowerPlay Defense
   Defense                  Defense                                           Time % Phy DF OF 
 1 Randy Jones              Garnet Exelby                                     60     1   2  2  
 2 Greg Zanon               Martin Gernat                                     40     1   2  2  

Penalty Kill 4 Players Forward 
   Center                   Wing                     Time % Phy DF OF 
 1 Dmitrij Jaskin           Adam Lowry               60     1   2  2  
 2 Bryan Lerg               Harri Pesonen            40     1   2  2  

Penalty Kill 4 Players Defense
   Defense                  Defense                  Time % Phy DF OF 
 1 Randy Jones              Garnet Exelby            60     1   2  2  
 2 Greg Zanon               Martin Gernat            40     1   2  2  

Penalty Kill - 3 Players Forward 
   Forward                                           Time % Phy DF OF 
 1 Dmitrij Jaskin                                    60     1   2  2  
 2 Adam Lowry                                        40     1   2  2  

Penalty Kill - 3 Players Defense
   Defense                  Defense                  Time % Phy DF OF 
 1 Randy Jones              Garnet Exelby            60     1   2  2  
 2 Greg Zanon               Martin Gernat            40     1   2  2  

4 vs 4 Forward 
   Center                   Wing                     Time % Phy DF OF 
 1 Dmitrij Jaskin           Adam Lowry               60     1   2  2  
 2 Bryan Lerg               Harri Pesonen            40     1   2  2  

4 vs 4 Defense
   Defense                  Defense                  Time % Phy DF OF 
 1 Randy Jones              Garnet Exelby            60     1   2  2  
 2 Greg Zanon               Martin Gernat            40     1   2  2  

Last Minutes Offensive
   Center                   Left Wing                Right Wing               Defense                  Defense                  
   Adam Lowry               Dmitrij Jaskin           Harri Pesonen            Randy Jones              Garnet Exelby            

Last Minutes Defensive
   Center                   Left Wing                Right Wing               Defense                  Defense                  
   Adam Lowry               Dmitrij Jaskin           Harri Pesonen            Randy Jones              Garnet Exelby            

Goaltenders
Starting : Johan Hedberg            
Backup : Laurent Brossoit         

Extra Forwards
Normal : Mark Van Guilder, Chris Langkow, Denver Manderson - PP : Mark Van Guilder, Chris Langkow - PK : Denver Manderson
Extra Defensemen
Normal : Jerome Gauthier-Leduc, Keegan Lowe, Greg Zanon - PP : Jerome Gauthier-Leduc - PK : Keegan Lowe, Greg Zanon
Penalty Shots
Dmitrij Jaskin, Adam Lowry, Bryan Lerg, Harri Pesonen, Zack Stortini

% Time on Ice - Devils

Lines # - Real PCT - Wanted PCT - Time Play
Normal Forward
1 - 36% - 35% - 16:18
2 - 41% - 30% - 18:19
3 - 17% - 22% - 7:30
4 - 7% - 13% - 3:01
Normal Defense
1 - 34% - 35% - 15:08
2 - 32% - 30% - 14:28
3 - 29% - 22% - 13:13
4 - 5% - 13% - 2:19
PP Forward
1 - 55% - 60% - 3:18
2 - 45% - 40% - 2:39
PP Defense
1 - 66% - 60% - 3:55
2 - 34% - 40% - 2:02
PK Forward
1 - 84% - 60% - 5:06
2 - 16% - 40% - 0:58
PK Defense
1 - 65% - 60% - 3:58
2 - 35% - 40% - 2:06
PK3 Forward
1 - 64% - 60% - 1:16
2 - 36% - 40% - 0:42
PK3 Defense
1 - 61% - 60% - 1:12
2 - 39% - 40% - 0:46
44 Forward
1 - 0% - 60%
2 - 0% - 40%
44 Defense
1 - 0% - 60%
2 - 0% - 40%
Last Minute Offensive  - 0:00
Last Minute Defensive  - 0:53
Total
Forward - 60:00
Defense - 60:00

% Time on Ice - Phantoms

Lines # - Real PCT - Wanted PCT - Time Play
Normal Forward
1 - 36% - 35% - 16:32
2 - 35% - 30% - 15:58
3 - 16% - 22% - 7:20
4 - 12% - 13% - 5:34
Normal Defense
1 - 35% - 35% - 15:42
2 - 33% - 30% - 15:08
3 - 28% - 22% - 12:43
4 - 4% - 13% - 1:51
PP Forward
1 - 59% - 60% - 4:43
2 - 41% - 40% - 3:19
PP Defense
1 - 57% - 60% - 4:34
2 - 43% - 40% - 3:28
PK Forward
1 - 94% - 60% - 5:35
2 - 6% - 40% - 0:22
PK Defense
1 - 77% - 60% - 4:34
2 - 23% - 40% - 1:23
PK3 Forward
1 - 0% - 60%
2 - 0% - 40%
PK3 Defense
1 - 0% - 60%
2 - 0% - 40%
44 Forward
1 - 0% - 60%
2 - 0% - 40%
44 Defense
1 - 0% - 60%
2 - 0% - 40%
Last Minute Offensive  - 0:37
Last Minute Defensive  - 0:00
Total
Forward - 60:00
Defense - 60:00

Play by Play

1st period


0:01 of 1st period - Adam Lowry wins face-off versus Darroll Powe in neutral zone.
0:42 of 1st period - Minor Penalty to Colin Miller for Roughing.
0:43 of 1st period - Bryan Lerg wins face-off versus Darroll Powe in Devils zone.
0:48 of 1st period - Wrist shot by Garrett Wilson.
0:48 of 1st period - Stopped by Devan Dubnyk with a rebound.
1:02 of 1st period - Wrist shot by Garrett Wilson.
1:02 of 1st period - Stopped by Devan Dubnyk with a rebound.
1:16 of 1st period - Snap shot by Darroll Powe.
1:16 of 1st period - Shot Misses the Net.
1:47 of 1st period - Icing by Dmitrij Jaskin.
1:48 of 1st period - Darroll Powe wins face-off versus Dmitrij Jaskin in Phantoms zone.
2:39 of 1st period - Slapshot by Garrett Wilson.
2:39 of 1st period - Shot Blocked by Brendan Shinnimin.
2:42 of 1st period - Penalty to Colin Miller is over, Colin Miller is back on ice.
2:49 of 1st period - Mark Van Guilder is hit by Chris Wideman and loses puck.
2:54 of 1st period - Snap shot by Brendan Shinnimin.
2:54 of 1st period - Shot Blocked by Martin Gernat.
2:56 of 1st period - Wrist shot by Pascal Pelletier.
2:56 of 1st period - Goal by Pascal Pelletier - Devils : 1 - Phantoms : 0.
2:57 of 1st period - Brendan Shinnimin wins face-off versus Mark Van Guilder in neutral zone.
5:29 of 1st period - Randy Jones is hit by Darroll Powe.
6:15 of 1st period - Snap shot by Adam Lowry.
6:15 of 1st period - Shot Misses the Net.
6:30 of 1st period - Minor Penalty to Brendan Shinnimin for High sticking.
6:31 of 1st period - Adam Lowry wins face-off versus Darroll Powe in Devils zone.
6:31 of 1st period - Wrist shot by Dmitrij Jaskin.
6:31 of 1st period - Stopped by Devan Dubnyk without a rebound.
6:31 of 1st period - Minor Penalty to Devan Dubnyk for Slashing.
6:32 of 1st period - Adam Lowry wins face-off versus Darroll Powe in Devils zone.
6:47 of 1st period - Slapshot by Garnet Exelby.
6:47 of 1st period - Stopped by Devan Dubnyk with a rebound.
6:49 of 1st period - Slapshot by Randy Jones.
6:49 of 1st period - Deflect By Adam Lowry.
6:49 of 1st period - Shot Misses the Net.
6:49 of 1st period - Puck is out of play.
6:50 of 1st period - Darroll Powe wins face-off versus Adam Lowry in Devils zone.
7:03 of 1st period - Harri Pesonen is hit by Chris Wideman and loses puck.
7:32 of 1st period - Wrist shot by Zack Stortini.
7:32 of 1st period - Shot Blocked by Colin Miller.
7:52 of 1st period - Slapshot by Scooter Vaughan.
7:52 of 1st period - Shot Misses the Net.
8:04 of 1st period - Wrist shot by Scooter Vaughan.
8:04 of 1st period - Stopped by Johan Hedberg with a rebound.
8:06 of 1st period - Slapshot by Drew MacKenzie.
8:06 of 1st period - Shot Blocked by Greg Zanon.
8:08 of 1st period - Slapshot by Scooter Vaughan.
8:08 of 1st period - Stopped by Johan Hedberg with a rebound.
8:10 of 1st period - Snap shot by Drew MacKenzie.
8:10 of 1st period - Shot Blocked by Harri Pesonen.
8:12 of 1st period - Snap shot by Pascal Pelletier.
8:12 of 1st period - Stopped by Johan Hedberg with a rebound.
8:30 of 1st period - Penalty to Brendan Shinnimin is over, Brendan Shinnimin is back on ice.
8:31 of 1st period - Penalty to Rod Pelley is over, Rod Pelley is back on ice.
8:44 of 1st period - Randy Jones is hit by Pascal Pelletier and loses puck.
9:04 of 1st period - Wrist shot by Zach O'Brien.
9:04 of 1st period - Shot Misses the Net.
9:28 of 1st period - Keegan Lowe is hit by Pascal Pelletier.
9:51 of 1st period - Minor Penalty to Mark Van Guilder for Roughing.
9:52 of 1st period - Dmitrij Jaskin wins face-off versus Darroll Powe in Phantoms zone.
10:20 of 1st period - Scooter Vaughan is hit by Dmitrij Jaskin and loses puck.
10:42 of 1st period - Adam Lowry is hit by Jordan Martinook and loses puck.
10:51 of 1st period - Snap shot by Rod Pelley.
10:51 of 1st period - Stopped by Johan Hedberg without a rebound.
10:52 of 1st period - Adam Lowry wins face-off versus Jordan Martinook in Phantoms zone.
11:51 of 1st period - Penalty to Mark Van Guilder is over, Mark Van Guilder is back on ice.
12:26 of 1st period - Wrist shot by Jordan Martinook.
12:26 of 1st period - Deflect By Darren Archibald.
12:26 of 1st period - Shot Blocked by Mark Van Guilder.
12:26 of 1st period - Puck is out of play.
12:27 of 1st period - Bryan Lerg wins face-off versus Darroll Powe in Phantoms zone.
13:02 of 1st period - Scooter Vaughan is hit by Zack Stortini and loses puck.
13:28 of 1st period - Keegan Lowe is hit by Darren Archibald and loses puck.
14:06 of 1st period - Icing by Zack Stortini.
14:07 of 1st period - Harri Pesonen wins face-off versus Brendan Shinnimin in Phantoms zone.
14:16 of 1st period - Minor Penalty to Pascal Pelletier for Hooking.
14:17 of 1st period - Adam Lowry wins face-off versus Darroll Powe in Devils zone.
14:17 of 1st period - Slapshot by Harri Pesonen.
14:17 of 1st period - Shot Blocked by Rod Pelley.
14:19 of 1st period - Snap shot by Randy Jones.
14:19 of 1st period - Stopped by Devan Dubnyk with a rebound.
14:21 of 1st period - Slapshot by Adam Lowry.
14:21 of 1st period - Goal by Adam Lowry - Devils : 1 - Phantoms : 1.
14:22 of 1st period - Brendan Shinnimin wins face-off versus Bryan Lerg in neutral zone.
14:34 of 1st period - Snap shot by Bryan Lerg.
14:34 of 1st period - Shot Misses the Net.
14:36 of 1st period - Backhand shot by Bryan Lerg.
14:36 of 1st period - Stopped by Devan Dubnyk with a rebound.
14:38 of 1st period - Snap shot by Bryan Lerg.
14:38 of 1st period - Stopped by Devan Dubnyk with a rebound.
14:40 of 1st period - Snap shot by Garnet Exelby.
14:40 of 1st period - Shot Misses the Net.
14:42 of 1st period - Wrist shot by Garnet Exelby.
14:42 of 1st period - Shot Misses the Net.
14:51 of 1st period - Garnet Exelby and Zach Budish fight to a draw.
14:51 of 1st period - Penalty to Garnet Exelby for Fighting.
14:51 of 1st period - Penalty to Zach Budish for Fighting.
14:52 of 1st period - Adam Lowry wins face-off versus Darroll Powe in Devils zone.
14:55 of 1st period - Snap shot by Adam Lowry.
14:55 of 1st period - Stopped by Devan Dubnyk with a rebound.
15:10 of 1st period - Wrist shot by Adam Lowry.
15:10 of 1st period - Stopped by Devan Dubnyk with a rebound.
15:12 of 1st period - Snap shot by Adam Lowry.
15:12 of 1st period - Shot Blocked by Scooter Vaughan.
15:14 of 1st period - Wrist shot by Adam Lowry.
15:14 of 1st period - Shot Misses the Net.
15:16 of 1st period - Slapshot by Greg Zanon.
15:16 of 1st period - Stopped by Devan Dubnyk with a rebound.
15:18 of 1st period - Slapshot by Martin Gernat.
15:18 of 1st period - Stopped by Devan Dubnyk with a rebound.
15:20 of 1st period - Slapshot by Martin Gernat.
15:20 of 1st period - Stopped by Devan Dubnyk with a rebound.
15:22 of 1st period - Slapshot by Adam Lowry.
15:22 of 1st period - Shot Blocked by Scooter Vaughan.
15:24 of 1st period - Wrist shot by Adam Lowry.
15:24 of 1st period - Shot Misses the Net.
15:26 of 1st period - Wrist shot by Adam Lowry.
15:26 of 1st period - Shot Blocked by Darroll Powe.
15:28 of 1st period - Wrist shot by Harri Pesonen.
15:28 of 1st period - Shot Misses the Net.
15:38 of 1st period - Zach O'Brien is hit by Zack Stortini.
15:57 of 1st period - Snap shot by Brendan Shinnimin.
15:57 of 1st period - Shot Misses the Net.
15:59 of 1st period - Wrist shot by Jordan Martinook.
15:59 of 1st period - Stopped by Johan Hedberg without a rebound.
16:00 of 1st period - Brendan Shinnimin wins face-off versus Mark Van Guilder in Phantoms zone.
16:22 of 1st period - Slapshot by Chris Wideman.
16:22 of 1st period - Stopped by Johan Hedberg with a rebound.
16:36 of 1st period - Slapshot by Rod Pelley.
16:36 of 1st period - Shot Misses the Net.
16:38 of 1st period - Snap shot by Darren Archibald.
16:38 of 1st period - Deflect By Jerome Gauthier-Leduc.
16:38 of 1st period - Shot Misses the Net.
16:38 of 1st period - Puck is out of play.
16:39 of 1st period - Rod Pelley wins face-off versus Bryan Lerg in Phantoms zone.
16:42 of 1st period - Snap shot by Darren Archibald.
16:42 of 1st period - Stopped by Johan Hedberg without a rebound.
16:43 of 1st period - Garrett Wilson wins face-off versus Rod Pelley in Phantoms zone.
17:18 of 1st period - Icing by Scooter Vaughan.
17:19 of 1st period - Adam Lowry wins face-off versus Brendan Shinnimin in Devils zone.
17:24 of 1st period - Wrist shot by Harri Pesonen.
17:24 of 1st period - Shot Misses the Net.
17:50 of 1st period - Colin Miller is hit by Adam Lowry and loses puck.
18:44 of 1st period - Minor Penalty to Darroll Powe for Tripping.
18:45 of 1st period - Pascal Pelletier wins face-off versus Adam Lowry in Devils zone.
19:29 of 1st period - Zach O'Brien is hit by Zack Stortini and loses puck.
19:51 of 1st period - Penalty to Zach Budish is over, Zach Budish is back on ice.
Goals for this period are 1 for Devils vs 1 for Phantoms.
Shots for this period are 8 for Devils vs 13 for Phantoms.

2nd period


0:01 of 2nd period - Adam Lowry wins face-off versus Pascal Pelletier in neutral zone.
0:06 of 2nd period - Wrist shot by Harri Pesonen.
0:06 of 2nd period - Shot Blocked by Chris Wideman.
0:08 of 2nd period - Backhand shot by Garnet Exelby.
0:08 of 2nd period - Shot Misses the Net.
0:10 of 2nd period - Wrist shot by Garnet Exelby.
0:10 of 2nd period - Stopped by Devan Dubnyk with a rebound.
0:12 of 2nd period - Snap shot by Garnet Exelby.
0:12 of 2nd period - Shot Misses the Net.
0:14 of 2nd period - Snap shot by Randy Jones.
0:14 of 2nd period - Stopped by Devan Dubnyk with a rebound.
0:16 of 2nd period - Slapshot by Randy Jones.
0:16 of 2nd period - Shot Misses the Net.
0:18 of 2nd period - Slapshot by Randy Jones.
0:18 of 2nd period - Deflect By Harri Pesonen.
0:18 of 2nd period - Shot Misses the Net.
0:18 of 2nd period - Puck is out of play.
0:19 of 2nd period - Pascal Pelletier wins face-off versus Adam Lowry in Devils zone.
0:24 of 2nd period - Wrist shot by Dmitrij Jaskin.
0:24 of 2nd period - Stopped by Devan Dubnyk with a rebound.
0:26 of 2nd period - Slapshot by Garnet Exelby.
0:26 of 2nd period - Shot Blocked by Colin Miller.
0:44 of 2nd period - Penalty to Darroll Powe is over, Darroll Powe is back on ice.
1:11 of 2nd period - Wrist shot by Zack Stortini.
1:11 of 2nd period - Shot Misses the Net.
1:27 of 2nd period - Slapshot by Bryan Lerg.
1:27 of 2nd period - Shot Misses the Net.
1:47 of 2nd period - Snap shot by Dmitrij Jaskin.
1:47 of 2nd period - Shot Blocked by Rod Pelley.
2:32 of 2nd period - Martin Gernat is hit by Jordan Martinook.
2:55 of 2nd period - Garnet Exelby and Matt Carkner fight to a draw.
2:55 of 2nd period - Penalty to Garnet Exelby for Fighting.
2:55 of 2nd period - Penalty to Matt Carkner for Fighting.
2:56 of 2nd period - Adam Lowry wins face-off versus Brendan Shinnimin in neutral zone.
3:01 of 2nd period - Snap shot by Brendan Shinnimin.
3:01 of 2nd period - Shot Misses the Net.
3:03 of 2nd period - Slapshot by Drew MacKenzie.
3:03 of 2nd period - Stopped by Johan Hedberg with a rebound.
3:05 of 2nd period - Wrist shot by Brendan Shinnimin.
3:05 of 2nd period - Deflect By Jordan Martinook.
3:05 of 2nd period - Goal by Jordan Martinook - Devils : 2 - Phantoms : 1.
3:06 of 2nd period - Zach Budish wins face-off versus Bryan Lerg in neutral zone.
3:22 of 2nd period - Zach Budish beats up Zack Stortini.
3:22 of 2nd period - Penalty to Zack Stortini for Fighting.
3:22 of 2nd period - Penalty to Zach Budish for Fighting.
3:23 of 2nd period - Darroll Powe wins face-off versus Adam Lowry in neutral zone.
3:42 of 2nd period - Snap shot by Darroll Powe.
3:42 of 2nd period - Shot Blocked by Randy Jones.
3:44 of 2nd period - Snap shot by Rod Pelley.
3:44 of 2nd period - Stopped by Johan Hedberg with a rebound.
3:46 of 2nd period - Wrist shot by Darroll Powe.
3:46 of 2nd period - Deflect By Randy Jones.
3:46 of 2nd period - Shot Misses the Net.
3:46 of 2nd period - Puck is out of play.
3:47 of 2nd period - Brendan Shinnimin wins face-off versus Bryan Lerg in Phantoms zone.
4:40 of 2nd period - Adam Lowry is hit by Zach O'Brien and loses puck.
4:56 of 2nd period - Rod Pelley is hit by Dmitrij Jaskin and loses puck.
5:17 of 2nd period - Snap shot by Rod Pelley.
5:17 of 2nd period - Shot Blocked by Jerome Gauthier-Leduc.
5:19 of 2nd period - Slapshot by Chris Wideman.
5:19 of 2nd period - Stopped by Johan Hedberg with a rebound.
5:21 of 2nd period - Snap shot by Darroll Powe.
5:21 of 2nd period - Stopped by Johan Hedberg with a rebound.
5:44 of 2nd period - Randy Jones is hit by Darren Archibald and loses puck.
5:51 of 2nd period - Pascal Pelletier is hit by Mark Van Guilder.
7:43 of 2nd period - Icing by Randy Jones.
7:44 of 2nd period - Brendan Shinnimin wins face-off versus Chris Langkow in Phantoms zone.
8:28 of 2nd period - Zack Stortini is hit by Matthew Ford and loses puck.
8:38 of 2nd period - Wrist shot by Bryan Lerg.
8:38 of 2nd period - Stopped by Devan Dubnyk with a rebound.
8:58 of 2nd period - Snap shot by Rod Pelley.
8:58 of 2nd period - Shot Misses the Net.
9:22 of 2nd period - Wrist shot by Adam Lowry.
9:22 of 2nd period - Shot Misses the Net.
10:10 of 2nd period - Wrist shot by Jordan Martinook.
10:10 of 2nd period - Shot Blocked by Jerome Gauthier-Leduc.
10:12 of 2nd period - Snap shot by Matt Carkner.
10:12 of 2nd period - Stopped by Johan Hedberg with a rebound.
10:14 of 2nd period - Slapshot by Jordan Martinook.
10:14 of 2nd period - Shot Misses the Net.
10:16 of 2nd period - Slapshot by Chris Wideman.
10:16 of 2nd period - Stopped by Johan Hedberg with a rebound.
10:18 of 2nd period - Slapshot by Colin Miller.
10:18 of 2nd period - Shot Blocked by Keegan Lowe.
10:20 of 2nd period - Slapshot by Rod Pelley.
10:20 of 2nd period - Stopped by Johan Hedberg with a rebound.
10:38 of 2nd period - Snap shot by Darren Archibald.
10:38 of 2nd period - Shot Blocked by Jerome Gauthier-Leduc.
10:40 of 2nd period - Slapshot by Darroll Powe.
10:40 of 2nd period - Shot Misses the Net.
10:42 of 2nd period - Snap shot by Darroll Powe.
10:42 of 2nd period - Shot Misses the Net.
11:15 of 2nd period - Zach O'Brien is hit by Greg Zanon and loses puck.
11:28 of 2nd period - Wrist shot by Sergey Andronov.
11:28 of 2nd period - Shot Misses the Net.
12:04 of 2nd period - Slapshot by Matt Carkner.
12:04 of 2nd period - Shot Blocked by Martin Gernat.
12:06 of 2nd period - Snap shot by Matt Carkner.
12:06 of 2nd period - Shot Misses the Net.
12:43 of 2nd period - Randy Jones is hit by Zach Budish and loses puck.
13:05 of 2nd period - Off-side.
13:06 of 2nd period - Darroll Powe wins face-off versus Adam Lowry in neutral zone.
14:17 of 2nd period - Slapshot by Pascal Pelletier.
14:17 of 2nd period - Deflect By Adam Lowry.
14:17 of 2nd period - Shot Misses the Net.
14:17 of 2nd period - Puck is out of play.
14:18 of 2nd period - Zach Budish wins face-off versus Chris Langkow in Phantoms zone.
14:27 of 2nd period - Randy Jones is hit by Darren Archibald and loses puck.
14:46 of 2nd period - Bryan Lerg is hit by Darren Archibald and loses puck.
15:15 of 2nd period - Randy Jones is hit by Darroll Powe and loses puck.
15:36 of 2nd period - Jerome Gauthier-Leduc is hit by Pascal Pelletier and loses puck.
16:25 of 2nd period - Icing by Greg Zanon.
16:26 of 2nd period - Chris Langkow wins face-off versus Darroll Powe in Phantoms zone.
16:59 of 2nd period - Wrist shot by Jordan Martinook.
16:59 of 2nd period - Shot Blocked by Josh Lunden.
17:01 of 2nd period - Slapshot by Gabriel Beaupre.
17:01 of 2nd period - Stopped by Johan Hedberg without a rebound.
17:02 of 2nd period - Dmitrij Jaskin wins face-off versus Darren Archibald in Phantoms zone.
18:10 of 2nd period - Slapshot by Brendan Shinnimin.
18:10 of 2nd period - Stopped by Johan Hedberg with a rebound.
18:12 of 2nd period - Snap shot by Darren Archibald.
18:12 of 2nd period - Deflect By Matthew Ford.
18:12 of 2nd period - Shot Misses the Net.
18:12 of 2nd period - Puck is out of play.
18:13 of 2nd period - Brendan Shinnimin wins face-off versus Bryan Lerg in Phantoms zone.
18:16 of 2nd period - Snap shot by Brendan Shinnimin.
18:16 of 2nd period - Deflect By Matthew Ford.
18:16 of 2nd period - Shot Misses the Net.
18:16 of 2nd period - Puck is out of play.
18:17 of 2nd period - Brendan Shinnimin wins face-off versus Bryan Lerg in Phantoms zone.
18:39 of 2nd period - Minor Penalty to Dmitrij Jaskin for Roughing.
18:40 of 2nd period - Denver Manderson wins face-off versus Brendan Shinnimin in Phantoms zone.
18:56 of 2nd period - Snap shot by Brendan Shinnimin.
18:56 of 2nd period - Stopped by Johan Hedberg with a rebound.
18:58 of 2nd period - Snap shot by Zach Budish.
18:58 of 2nd period - Shot Misses the Net.
19:14 of 2nd period - Wrist shot by Scooter Vaughan.
19:14 of 2nd period - Shot Misses the Net.
Goals for this period are 1 for Devils vs 0 for Phantoms.
Shots for this period are 11 for Devils vs 4 for Phantoms.

3rd period


0:01 of 3rd period - Zach O'Brien wins face-off versus Denver Manderson in neutral zone.
0:06 of 3rd period - Snap shot by Rod Pelley.
0:06 of 3rd period - Shot Misses the Net.
0:14 of 3rd period - Wrist shot by Zach O'Brien.
0:14 of 3rd period - Shot Misses the Net.
0:16 of 3rd period - Slapshot by Colin Miller.
0:16 of 3rd period - Stopped by Johan Hedberg without a rebound.
0:17 of 3rd period - Denver Manderson wins face-off versus Darroll Powe in Phantoms zone.
0:17 of 3rd period - Denver Manderson is hit by Darroll Powe.
0:39 of 3rd period - Penalty to Dmitrij Jaskin is over, Dmitrij Jaskin is back on ice.
1:23 of 3rd period - Slapshot by Bryan Lerg.
1:23 of 3rd period - Stopped by Devan Dubnyk with a rebound.
1:25 of 3rd period - Snap shot by Keegan Lowe.
1:25 of 3rd period - Stopped by Devan Dubnyk without a rebound.
1:26 of 3rd period - Bryan Lerg wins face-off versus Jordan Martinook in Devils zone.
1:28 of 3rd period - Zack Stortini beats up Jordan Martinook.
1:28 of 3rd period - Penalty to Zack Stortini for Fighting.
1:28 of 3rd period - Penalty to Jordan Martinook for Fighting.
1:29 of 3rd period - Darroll Powe wins face-off versus Chris Langkow in Devils zone.
1:49 of 3rd period - Off-side.
1:50 of 3rd period - Brendan Shinnimin wins face-off versus Bryan Lerg in neutral zone.
2:58 of 3rd period - Harri Pesonen is hit by Gabriel Beaupre and loses puck.
3:06 of 3rd period - Adam Lowry and Drew MacKenzie fight to a draw.
3:06 of 3rd period - Penalty to Adam Lowry for Fighting.
3:06 of 3rd period - Penalty to Drew MacKenzie for Fighting.
3:06 of 3rd period - Penalty to Adam Lowry for instigated a fight.
3:06 of 3rd period - Penalty to Adam Lowry for instigated a fight.
3:07 of 3rd period - Darroll Powe wins face-off versus Dmitrij Jaskin in Devils zone.
3:22 of 3rd period - Snap shot by Dmitrij Jaskin.
3:22 of 3rd period - Stopped by Devan Dubnyk with a rebound.
4:03 of 3rd period - Slapshot by Dmitrij Jaskin.
4:03 of 3rd period - Stopped by Devan Dubnyk with a rebound.
4:26 of 3rd period - Dmitrij Jaskin is hit by Colin Miller.
4:41 of 3rd period - Randy Jones is hit by Pascal Pelletier and loses puck.
4:56 of 3rd period - Scooter Vaughan is hit by Garnet Exelby and loses puck.
5:06 of 3rd period - Penalty to Adam Lowry is over, Dmitrij Jaskin is send on ice.
5:40 of 3rd period - Matt Carkner is hit by Randy Jones and loses puck.
6:39 of 3rd period - Wrist shot by Zack Stortini.
6:39 of 3rd period - Shot Blocked by Matthew Ford.
7:12 of 3rd period - Icing by Chris Langkow.
7:13 of 3rd period - Jordan Martinook wins face-off versus Chris Langkow in Phantoms zone.
7:18 of 3rd period - Wrist shot by Zach O'Brien.
7:18 of 3rd period - Deflect By Matthew Ford.
7:18 of 3rd period - Stopped by Johan Hedberg with a rebound.
7:38 of 3rd period - Minor Penalty to Matt Carkner for Hooking.
7:39 of 3rd period - Zack Stortini wins face-off versus Darroll Powe in Devils zone.
7:43 of 3rd period - Snap shot by Zack Stortini.
7:43 of 3rd period - Stopped by Devan Dubnyk with a rebound.
7:51 of 3rd period - Zack Stortini is hit by Darroll Powe and loses puck.
8:06 of 3rd period - Penalty to Drew MacKenzie is over, Drew MacKenzie is back on ice.
8:48 of 3rd period - Zach O'Brien is hit by Chris Langkow and loses puck.
8:49 of 3rd period - Zach O'Brien from Devils is injured at 8:49 of 3rd period (Left Hand).
8:50 of 3rd period - Mark Van Guilder wins face-off versus Darroll Powe in Devils zone.
8:53 of 3rd period - Slapshot by Randy Jones.
8:53 of 3rd period - Shot Blocked by Colin Miller.
8:55 of 3rd period - Slapshot by Garnet Exelby.
8:55 of 3rd period - Stopped by Devan Dubnyk with a rebound.
8:57 of 3rd period - Backhand shot by Garnet Exelby.
8:57 of 3rd period - Shot Blocked by Chris Wideman.
8:59 of 3rd period - Wrist shot by Mark Van Guilder.
8:59 of 3rd period - Stopped by Devan Dubnyk without a rebound.
9:00 of 3rd period - Darroll Powe wins face-off versus Mark Van Guilder in Devils zone.
9:07 of 3rd period - Wrist shot by Chris Wideman.
9:07 of 3rd period - Shot Blocked by Harri Pesonen.
9:38 of 3rd period - Penalty to Matt Carkner is over, Matt Carkner is back on ice.
10:04 of 3rd period - Bryan Lerg is hit by Zach Budish and loses puck.
10:21 of 3rd period - Snap shot by Bryan Lerg.
10:21 of 3rd period - Stopped by Devan Dubnyk with a rebound.
10:23 of 3rd period - Slapshot by Keegan Lowe.
10:23 of 3rd period - Shot Misses the Net.
10:35 of 3rd period - Snap shot by Bryan Lerg.
10:35 of 3rd period - Stopped by Devan Dubnyk with a rebound.
10:51 of 3rd period - Slapshot by Chris Langkow.
10:51 of 3rd period - Shot Misses the Net.
10:53 of 3rd period - Snap shot by Jerome Gauthier-Leduc.
10:53 of 3rd period - Stopped by Devan Dubnyk without a rebound.
10:54 of 3rd period - Chris Langkow wins face-off versus Darroll Powe in Devils zone.
11:03 of 3rd period - Wrist shot by Dmitrij Jaskin.
11:03 of 3rd period - Stopped by Devan Dubnyk with a rebound.
11:05 of 3rd period - Slapshot by Martin Gernat.
11:05 of 3rd period - Shot Misses the Net.
11:07 of 3rd period - Slapshot by Josh Lunden.
11:07 of 3rd period - Shot Blocked by Matt Carkner.
12:12 of 3rd period - Slapshot by Garnet Exelby.
12:12 of 3rd period - Shot Misses the Net.
12:51 of 3rd period - Brendan Shinnimin is hit by Randy Jones and loses puck.
13:56 of 3rd period - Greg Zanon is hit by Sergey Andronov.
14:04 of 3rd period - Wrist shot by Harri Pesonen.
14:04 of 3rd period - Shot Misses the Net.
14:06 of 3rd period - Snap shot by Denver Manderson.
14:06 of 3rd period - Shot Blocked by Chris Wideman.
14:08 of 3rd period - Snap shot by Harri Pesonen.
14:08 of 3rd period - Shot Misses the Net.
14:18 of 3rd period - Chris Wideman is hit by Randy Jones.
15:25 of 3rd period - Snap shot by Brendan Shinnimin.
15:25 of 3rd period - Shot Misses the Net.
15:41 of 3rd period - Wrist shot by Sergey Andronov.
15:41 of 3rd period - Shot Blocked by Jerome Gauthier-Leduc.
16:30 of 3rd period - Zack Stortini is hit by Drew MacKenzie.
16:50 of 3rd period - Randy Jones is hit by Brendan Shinnimin and loses puck.
17:03 of 3rd period - Martin Gernat is hit by Gabriel Beaupre and loses puck.
17:20 of 3rd period - Slapshot by Garnet Exelby.
17:20 of 3rd period - Stopped by Devan Dubnyk with a rebound.
17:22 of 3rd period - Wrist shot by Bryan Lerg.
17:22 of 3rd period - Stopped by Devan Dubnyk with a rebound.
17:24 of 3rd period - Wrist shot by Bryan Lerg.
17:24 of 3rd period - Stopped by Devan Dubnyk without a rebound.
17:25 of 3rd period - Bryan Lerg wins face-off versus Matt Carkner in Devils zone.
17:28 of 3rd period - Snap shot by Bryan Lerg.
17:28 of 3rd period - Deflect By Josh Lunden.
17:28 of 3rd period - Stopped by Devan Dubnyk with a rebound.
17:30 of 3rd period - Wrist shot by Josh Lunden.
17:30 of 3rd period - Shot Misses the Net.
17:32 of 3rd period - Wrist shot by Bryan Lerg.
17:32 of 3rd period - Shot Misses the Net.
18:06 of 3rd period - 10 Minutes Misconduct Penalty to Adam Lowry is over.
18:09 of 3rd period - Icing by Mark Van Guilder.
18:10 of 3rd period - Chris Langkow wins face-off versus Darroll Powe in Phantoms zone.
18:37 of 3rd period - Snap shot by Darroll Powe.
18:37 of 3rd period - Shot Misses the Net.
18:39 of 3rd period - Snap shot by Darroll Powe.
18:39 of 3rd period - Shot Misses the Net.
19:01 of 3rd period - Icing by Darroll Powe.
19:02 of 3rd period - Darroll Powe wins face-off versus Adam Lowry in Devils zone.
19:41 of 3rd period - Snap shot by Pascal Pelletier.
19:41 of 3rd period - Shot Misses the Net.
19:43 of 3rd period - Wrist shot by Darren Archibald.
19:43 of 3rd period - Stopped by Johan Hedberg with a rebound.
19:45 of 3rd period - Snap shot by Matthew Ford.
19:45 of 3rd period - Stopped by Johan Hedberg with a rebound.
Goals for this period are 0 for Devils vs 0 for Phantoms.
Shots for this period are 4 for Devils vs 15 for Phantoms.


Output by the SimonT Hockey Simulator (STHS) for Eric Dolegowski -- Original Page W3C XHTML 1.0 Valid
Hockey Simulator - Hockey Simulation - Hockey Manager